 Dungeon Crawl Stone Soup version 0.27-a0-720-g3f424a255b (webtiles) character file.

Game seed: 6373778427537329413

238 Ijustatesigmund the Skirmisher (level 5, -3/42 HPs)
             Began as a Demonspawn Fighter on Mar 23, 2021.
             Slain by an iguana (8 damage)
             ... on level 4 of the Dungeon.
             The game lasted 00:07:37 (3765 turns).

Ijustatesigmund the Skirmisher (Demonspawn Fighter) Turns: 3765, Time: 00:07:38

Health: -3/42      AC:  6    Str: 16    XL:     5   Next: 78%
Magic:  5/5        EV:  7    Int:  9    God:
Gold:   151        SH:  8    Dex: 14    Spells: 4/4 levels left

rFire    . . .     SeeInvis .   a - +0 war axe
rCold    . . .     Faith    .   c - +0 kite shield
rNeg     . . .     Spirit   .   b - +0 scale mail
rPois    .         Reflect  .   (helmet restricted)
rElec    .         Harm     .   (no cloak)
rCorr    .         Rampage  .   (no gloves)
Will     .....                  (no boots)
Stlth    ..........             (no amulet)
HPRegen  0.14/turn              (no ring)
MPRegen  0.09/turn              (no ring)

@: no status effects
A: antennae 2, powered by death 1
a: no special abilities


You were on level 4 of the Dungeon.
You visited 1 branch of the dungeon, and saw 4 of its levels.

You collected 151 gold pieces.

Inventory:

Hand Weapons
 a - a +0 war axe (weapon)
Missiles
 e - 8 poisoned darts (quivered)
Armour
 b - a +0 scale mail (worn)
 c - a +0 kite shield (worn)
Jewellery
 k - a ring of flight
Scrolls
 d - a scroll of identify
 l - 2 scrolls of amnesia
 o - a scroll of immolation
Potions
 f - 2 potions of magic
 i - a potion of ambrosia {unknown}
 m - a potion of curing {unknown}


   Skills:
 + Level 4.1 Fighting
 * Level 4.1 Axes
 - Level 2.6 Armour
 + Level 2.3 Dodging
 - Level 2.6 Shields


You had 4 spell levels left.
You didn't know any spells.
Your spell library was empty.

Dungeon Overview and Level Annotations

Branches:
Dungeon (4/15)
 Temple: D:4-7

Altars:
Ashenzari
Gozag
Okawaru
Trog

Shops:
D:2 =


Innate Abilities, Weirdness & Mutations

You have a pair of antennae on your head.
You regenerate a little health from kills.


Message History

An ooze comes into view.
The ooze quivers.
Throw: 11 darts (poison)
Press: ? - help, Q - select action Shift-Dir - straight line, f - ooze
Aim: an ooze (86% to hit)
You throw a poisoned dart. The poisoned dart hits the ooze.
Throw: 10 darts (poison)
Press: ? - help, Q - select action Shift-Dir - straight line, f/p - ooze
Aim: an ooze (86% to hit)
You throw a poisoned dart. The poisoned dart hits the ooze.
Throw: 9 darts (poison)
Press: ? - help, Q - select action Shift-Dir - straight line, f - iguana, p - ooze
Aim: an iguana (lightly wounded, 64% to hit)
You throw a poisoned dart.
The poisoned dart closely misses the iguana.
You slash the iguana!
The iguana is almost dead.
You hit the ooze. You block the ooze's attack. You block the iguana's attack.
The ooze closely misses you. The iguana completely misses you.
You barely miss the iguana.
The iguana is almost dead.
You hit the ooze.
You kill the ooze!
The orc wizard gestures at you while chanting.
The puff of flame hits you! You block the iguana's attack.
You slash the orc wizard!
The orc wizard is severely wounded.
You hit the iguana. The iguana barely misses you.
You block the orc wizard's attack. The iguana bites you!
You barely miss the orc wizard.
The orc wizard is severely wounded.
You closely miss the iguana.
The orc wizard hits you with a +0 dagger.
The iguana bites you! You block the orc wizard's attack.
You closely miss the orc wizard.
The orc wizard is severely wounded.
You hit the iguana but do no damage. The iguana bites you!
* * * LOW HITPOINT WARNING * * *
The orc wizard barely misses you. The iguana bites you!
You die...

##.#.#######...#
#.......((#...#
##..####......#
#..# #.....###
#.># #.....#
#### #...##...#
###.# .{.# #l#
.l.( #@# ..#o
#o# { # #.. #(##
... #(# ... #.#


You could see an iguana and an orc wizard.

Vanquished Creatures
  A hound (D:4)
  A bullfrog skeleton (D:4)
  An orc wizard (D:4)
  A hound skeleton (D:4)
  5 adders
  2 worms
  3 dart slugs
  8 orcs
  6 ball pythons
  7 bats
  2 giant cockroaches (D:3)
  5 goblins
  5 hobgoblins
  6 jackals
  7 oozes
  4 quokkas
  3 frilled lizards
  4 kobolds (D:1)
  5 rats
76 creatures vanquished.

Vanquished Creatures (others)
  41 plants (D:1)
41 creatures vanquished.

Grand Total: 117 creatures vanquished

Notes
Turn   | Place    | Note
-------+----------+-------------------------------------------
     0 | D:1      | Ijustatesigmund the Demonspawn Fighter began the quest for
                  | the Orb.
     0 | D:1      | Reached XP level 1. HP: 18/18 MP: 1/1
   164 | D:1      | Gained mutation: You regenerate a little health from kills.
                  | [demonic ancestry]
   164 | D:1      | Reached XP level 2. HP: 24/24 MP: 2/2
   504 | D:1      | Reached skill level 1 in Dodging
   506 | D:1      | Gained mutation: You have a pair of small antennae on your
                  | head. [demonic ancestry]
   506 | D:1      | Reached XP level 3. HP: 29/29 MP: 3/3
  1310 | D:2      | Found Onudghy's Jewellery Boutique.
  1456 | D:2      | Gained mutation: You have a pair of antennae on your head.
                  | [demonic ancestry]
  1456 | D:2      | Reached XP level 4. HP: 35/35 MP: 4/4
  1691 | D:3      | Found a faded altar of an unknown god.
  1784 | D:3      | Found a bloodstained altar of Trog.
  1834 | D:3      | Found a broken altar of Ashenzari.
  2183 | D:3      | Found an iron altar of Okawaru.
  2558 | D:4      | Reached XP level 5. HP: 31/42 MP: 5/5
  3120 | D:4      | Found an opulent altar of Gozag.
  3441 | D:4      | HP: 2/42 [orc/+0 scythe (10)]
  3765 | D:4      | Slain by an iguana

Illustrated notes

Levels and vault maps discovered:
D:1:      erik_arrival_orb_chamber, layout_loops_ring, kennysheep_boxes
D:2:      layout_basic, serial_shops, shop
D:3:      layout_basic, okawaru_trees_2, nicolae_ashenzari_skybound,
          chequers_ecumenical_altar_island, serial_glass, glass_columns_b,
          glass_columns_a, item_on_display_a, minmay_strange_pillars,
          grunt_decor_fettered, bloody_trog
D:4:      layout_basic, kennysheep_little_box, sigmund_army

Skill      XL: |  1  2  3  4  5 |
---------------+----------------+-----
Axes           | 2 3 4 |  4.1
Dodging        | 1 2 |  2.3
Fighting       | 4 |  4.1
Armour         | |  2.6
Shields        | |  2.6

Action                   |  1- 3 |  4- 6 || total
-------------------------+-------+-------++-------
Melee: War axe           |   110 |   161 ||   271
Throw: Dart              |       |    12 ||    12
       Throwing net      |       |     1 ||     1
  Use: Scroll            |     3 |     3 ||     6
       Potion            |       |     5 ||     5
Armor: Scale mail        |    46 |    66 ||   112
       Skin              |       |     1 ||     1
Dodge: Dodged            |    40 |    53 ||    93
Block: Kite shield       |    43 |   101 ||   144

Table legend: (Time is in decaauts)
 A = Elapsed time spent in this place.
 B = Non-inter-level travel time spent in this place.
 C = Inter-level travel time spent in this place.
 D = Time resting spent in this place.
 E = Time spent auto-exploring this place.
 F = Levels seen in this place.
 G = Mean time per level.
                   A        B        C        D        E       F      G
               +--------+--------+--------+--------+--------+-----+--------+
         Total |   3919 |   3834 |     85 |    841 |   2260 |   4 |  979.8 |
       Dungeon |   3919 |   3834 |     85 |    841 |   2260 |   4 |  979.8 |
               +--------+--------+--------+--------+--------+-----+--------+

Top non-repeatable levels by time:
     D:4: 1257 daAuts
     D:3: 1079 daAuts
     D:1: 965 daAuts
     D:2: 616 daAuts
